 Dungeon Crawl Stone Soup version 0.21-a0-630-g344d351 (webtiles) character file.

1088 Alarkh the Digger (level 8, 36/52 HPs)
             Began as a Demonspawn Earth Elementalist on Dec 26, 2017.
             Was a Follower of Okawaru.
             Got out of the dungeon alive.
             The game lasted 00:10:15 (5232 turns).

Alarkh the Digger (Demonspawn Earth Elementalist)   Turns: 5232, Time: 00:10:15

Health: 36/52      AC:  4    Str:  8    XL:     8   Next: 9%
Magic:  15/15      EV: 12    Int: 19    God:    Okawaru [*.....]
Gold:   190        SH:  0    Dex: 14    Spells: 6/17 levels left

rFire    . . .     SeeInvis .   s - +0 quarterstaff
rCold    . . .     Gourm    .   (shield currently unavailable)
rNeg     . . .     Faith    .   c - +0 robe
rPois    +         Spirit   .   (no helmet)
rElec    .         Reflect  .   (no cloak)
rCorr    .         Harm     .   f - +1 pair of gloves
MR       .....                  (no boots)
Stlth    ++........             (no amulet)
HPRegen  0.17/turn              w - ring of poison resistance
MPRegen  0.14/turn              l - ring of wizardry

@: no status effects
A: powered by pain 1, rot immunity
a: Heroism, Renounce Religion


You escaped.
You worshipped Okawaru.
Okawaru was aware of your devotion.
You were very hungry.

You visited 2 branches of the dungeon, and saw 6 of its levels.

You collected 190 gold pieces.

Inventory:

Hand Weapons
 g - a -3 whip
 s - a +0 quarterstaff (weapon)
Missiles
 b - 48 stones (quivered)
Armour
 c - a +0 robe (worn)
 f - a +1 pair of gloves (worn)
Jewellery
 a - an uncursed amulet of guardian spirit
 k - an uncursed ring of resist corrosion
 l - a ring of wizardry (right hand)
 w - a ring of poison resistance (left hand)
Wands
 o - a wand of paralysis (7)
 y - a wand of clouds (2)
Scrolls
 e - a scroll of identify
 h - a scroll of noise
 p - a scroll of teleportation {unknown}
 q - 2 scrolls of remove curse
 u - a scroll of blinking {unknown}
 v - a scroll of magic mapping {unknown}
Potions
 i - a potion of flight
 j - 3 potions of curing
 r - a potion of resistance
Books
 m - a book of Geomancy

   Spells                             Type                      Level
   a - Sandblast                      Earth                        1
   b - Passwall                       Transmutation/Earth          2
   c - Stone Arrow                    Conjuration/Earth            3
   d - Petrify                        Transmutation/Earth          4
   e - Lee's Rapid Deconstruction     Earth                        5
 x - a book of Changes

   Spells                             Type                      Level
   a - Beastly Appendage              Transmutation                1
   b - Sticks to Snakes               Transmutation                2
   c - Spider Form                    Transmutation/Poison         3
   d - Ice Form                       Ice/Transmutation            4
   e - Blade Hands                    Transmutation                5
Comestibles
 d - 4 rations


   Skills:
 - Level 2.0 Dodging
 - Level 2.2 Stealth
 + Level 5.1 Spellcasting
 + Level 3.8 Conjurations
 - Level 0.9 Transmutations
 + Level 5.3 Earth Magic
 + Level 3.8 Evocations


You had 6 spell levels left.
You knew the following spells:

 Your Spells              Type           Power        Failure   Level  Hunger
a - Sandblast             Erth           ####..       1%          1    None
b - Passwall              Tmut/Erth      ###.......   1%          2    #......
c - Stone Arrow           Conj/Erth      ###...       2%          3    ##.....
d - Lee's Rapid Deconstr  Erth           ####......   16%         5    ######.


Dungeon Overview and Level Annotations

Branches:
Dungeon (5/15)             Temple (1/1) D:4

Altars:
Cheibriados
Dithmenos
Fedhas
Hepliaklqana
Kikubaaqudgha
Makhleb
Okawaru
Qazlal
Sif Muna
Trog
Uskayaw
Vehumet
Yredelemnul
Zin

Annotations:
D:4 exclusion: two-headed ogre, Charly's ghost, amateur GrFi


Innate Abilities, Weirdness & Mutations

You sometimes gain a little power by taking damage.
You are immune to rotting.


Message History

(D) Dungeon (T) Temple
Where to? (Enter - D:4 @ (x,y), ? - help)
Okay, then.
(D) Dungeon (T) Temple
Where to? (Enter - D:4 @ (x,y), ? - help)
What level of the Dungeon? (default 1, ? - help) Magic restored.
Your magical contamination has completely faded away.
There is a stone staircase leading up here.
You climb upwards.
There is a stone staircase leading down here.
There is an open door here.
There is a stone staircase leading up here.
You climb upwards.
There is a stone staircase leading down here.
You are feeling very hungry.
There is a large open door here.
There is a staircase leading out of the dungeon here.
Are you sure you want to leave the Dungeon?
This will make you lose the game!
You have escaped!

..........# #..# #...♣♣
..........#########.# ##♣P.♣
......[...##........## #♣♣♣♣P♣
......##.....##''##..### ♣..PPP♣
......##....##≈..≈##...## ♣♣.≈≈.P
########..####≈≈≈≈####..## ♣≈≈≈≈.
##### #..##############..# ♣.≈≈P♣
....# #.####≈≈≈≈≈≈≈≈####.# ♣♣♣.P♣
....# #.# #≈≈≈..@.≈≈≈# #.# ♣♣♣♣
....# #.# #..........# #.# #.
#######.# #'##....##'# #.## ##
##..###..##''##..###..##
##..###⌠..#....#..⌠###..##
#..########....########..#####
####.###≈≈≈..........≈≈≈###.#....
.....#≈≈≈≈...#........≈≈≈≈#.#.###
##...≈≈≈≈........≈##...≈≈≈≈...#..


There were no monsters in sight!

Vanquished Creatures
  A two-headed ogre (D:4)
  Menkaure (D:5)
  An ogre (D:4)
  A bullfrog (D:4)
  A howler monkey (D:3)
  An orc priest (D:4)
  A worker ant (D:4)
  2 adders
  An ooze (D:2)
  4 worms
  A dart slug (D:1)
  3 leopard geckos
  5 orcs
  4 bats
  7 giant cockroaches
  5 goblins
  3 hobgoblins
  2 quokkas
  A ball python (D:4)
  5 frilled lizards
  6 kobolds
  5 rats
  A plant (D:1)
62 creatures vanquished.

Vanquished Creatures (others)
  An orc (D:5)
1 creature vanquished.

Grand Total: 63 creatures vanquished

Notes
Turn   | Place    | Note
-------+----------+-------------------------------------------
     0 | D:1      | Alarkh the Demonspawn Earth Elementalist began the quest for the Orb.
     0 | D:1      | Reached XP level 1. HP: 13/13 MP: 3/3
   457 | D:1      | Gained mutation: You sometimes gain a little power by taking damage. [demonic ancestry]
   457 | D:1      | Reached XP level 2. HP: 15/19 MP: 3/5
  1228 | D:1      | Learned a level 2 spell: Passwall
  1551 | D:2      | Reached XP level 3. HP: 24/24 MP: 4/6
  2654 | D:3      | Learned a level 3 spell: Stone Arrow
  2866 | D:3      | Reached XP level 4. HP: 30/30 MP: 3/8
  2939 | D:2      | Found a glowing silver altar of Zin.
  3577 | D:3      | Found a shadowy altar of Dithmenos.
  3939 | D:4      | Noticed a two-headed ogre
  4053 | D:4      | Noticed Menkaure
  4061 | D:5      | Entered Level 5 of the Dungeon
  4078 | D:5      | Killed Menkaure
  4078 | D:5      | Reached skill level 1 in Conjurations
  4078 | D:5      | Reached skill level 1 in Evocations
  4078 | D:5      | Reached XP level 5. HP: 18/35 MP: 0/10
  4319 | D:4      | Reached XP level 6. HP: 30/41 MP: 7/11
  4694 | D:4      | Noticed Charly's ghost (amateur GrFi)
  4702 | D:4      | Learned a level 4 spell: Petrify
  4839 | D:4      | Found a staircase to the Ecumenical Temple.
  4884 | Temple   | Entered the Ecumenical Temple
  4986 | Temple   | Became a worshipper of Warmaster Okawaru
  5035 | D:4      | Learned a level 5 spell: Lee's Rapid Deconstruction
  5091 | D:4      | Killed a two-headed ogre
  5091 | D:4      | Reached * piety under Okawaru
  5091 | D:4      | Reached skill level 5 in Spellcasting
  5091 | D:4      | Reached skill level 5 in Earth Magic
  5091 | D:4      | Gained mutation: You are immune to rotting. [demonic ancestry]
  5091 | D:4      | Reached XP level 7. HP: 11/46 MP: 7/14
  5091 | D:4      | Reached XP level 8. HP: 12/52 MP: 7/15
  5232 | D:$      | Got out of the dungeon alive.

Vault maps used:
D:1:      denvon_arrival_waterhouse, serial_forest, infiniplex_forest_split,
          infiniplex_forest_clump_medium, infiniplex_forest_clump_large,
          infiniplex_forest_lined_2, infiniplex_forest_pool,
          infiniplex_forest_clump_curved
D:2:      lemuel_upstairs_altar, first_ration, minmay_pentomino_r4
D:3:      overflow_temple_1_default, minmay_liquid_box
D:4:      temple_green, uniq_menkaure
D:5:      lemuel_old_faithful
Temple:   dshaligram_water_room_temple

Skill      XL: |  1  2  3  4  5  6 |
---------------+-------------------+-----
Earth Magic    | 3 4 5 |  5.3
Stealth        | 2 |  2.2
Spellcasting   | 3 5 |  5.1
Dodging        | 2 |  2.0
Conjurations   | 1 3 |  3.8
Evocations     | 1 3 |  3.8
Transmutations | |  0.9

Action                   |  1- 3 |  4- 6 |  7- 9 || total
-------------------------+-------+-------+-------++-------
Melee: Whip              |   268 |    13 |       ||   281
       Quarterstaff      |       |     9 |       ||     9
 Cast: Sandblast         |    62 |    48 |       ||   110
       Passwall          |     1 |       |       ||     1
       Stone Arrow       |       |     4 |     1 ||     5
Evoke: Wand              |       |     3 |       ||     3
  Use: Scroll            |     2 |     6 |       ||     8
       Potion            |       |     2 |       ||     2
 Stab: Paralysed         |       |     8 |       ||     8
  Eat: Chunk             |     3 |     8 |       ||    11
       Ration            |     1 |       |       ||     1
Armor: Robe              |    15 |     1 |       ||    16
       Skin              |       |    10 |       ||    10
Dodge: Dodged            |    34 |    21 |       ||    55

Table legend:
 A = Spawn XP
 B = Non-spawn XP
 C = Spawn XP percentage of total XP
 D = Spawn monster count
 E = Non-spawn monster count
 F = Spawn count percentage of total count
 G = Total turns spent on level
                    A         B        C        D         E        F      G
               +---------+---------+-------+---------+---------+-------+---------
         Total |       0 |    1555 |   0.0 |       0 |      61 |   0.0 |  5232
               +---------+---------+-------+---------+---------+-------+---------
           D:1 |       0 |      26 |   0.0 |       0 |      17 |   0.0 |  1556
           D:2 |       0 |      52 |   0.0 |       0 |      16 |   0.0 |  1125
           D:3 |       0 |      97 |   0.0 |       0 |      13 |   0.0 |  1398
           D:4 |       0 |    1203 |   0.0 |       0 |      13 |   0.0 |   784
           D:5 |       0 |     177 |   0.0 |       0 |       2 |   0.0 |   253
               +---------+---------+-------+---------+---------+-------+---------
